 Dungeon Crawl Stone Soup version 0.28-a0-245-g639a1a48b9 (webtiles) character file.

Game seed: 6003180939690321165

523 theanonym the Cutter (level 7, -4/54 HPs)
             Began as a Mummy Enchanter on Aug 24, 2021.
             Was a Priest of Nemelex Xobeh.
             Splashed by an acid dragon's acid (13 damage)
             ... on level 5 of the Dungeon.
             The game lasted 00:05:31 (4867 turns).

theanonym the Cutter (Mummy Enchanter)              Turns: 4867, Time: 00:05:31

Health: -4/54      AC: 15    Str: 14    XL:     7   Next: 2%
Magic:  11/11      EV:  6    Int: 14    God:    Nemelex Xobeh [***...]
Gold:   20         SH:  0    Dex: 12    Spells: 11/11 levels left

rFire   x . .      SeeInvis .   a - +2 rapier (protect)
rCold   + . .      Faith    .   (no shield)
rNeg    + + +      Spirit   .   c - +0 chain mail
rPois   ∞          Reflect  .   (no helmet)
rElec   .          Harm     .   b - +2 cloak {Stlth+}
rCorr   .          Rampage  .   k - +0 pair of gloves
Will    .....                   (no boots)
Stlth   ..........              (no amulet)
HPRegen 0.18/turn               (no ring)
MPRegen 0.12/turn               (no ring)

@: corroded, under a protective aura
A: cold resistance 1, negative energy resistance 3, torment resistance 2, heat
vulnerability 1, no potions
a: Renounce Religion, Draw Escape, Draw Destruction, Draw Summoning, Triple Draw


Innate Abilities, Weirdness & Mutations

You are immune to poison.
Your flesh is cold resistant. (rC+)
You are immune to negative energy. (rN+++)
You are immune to unholy pain and torment.
You are vulnerable to heat. (rF-)
You do not drink.


   Skills:
 + Level 4.0 Fighting
 * Level 5.0 Short Blades
 - Level 1.5 Dodging
 - Level 2.4 Stealth
 - Level 2.6 Spellcasting
 - Level 2.6 Hexes


You had 11 spell levels left.
You didn't know any spells.
Your spell library contained the following spells:

 Spells                   Type           Power      Damage    Failure   Level
 Ensorcelled Hibernation  Hex/Ice        10%        N/A       99%         2
 Freeze                   Ice            4%         1d3       100%        1
 Confusing Touch          Hex            9%         N/A       100%        3
 Dazzling Flash           Conj/Hex       10%        N/A       100%        3
 Frozen Ramparts          Ice            2%         1d2       100%        3
 Ozocubu's Armour         Ice            1%         N/A       100%        3
 Tukima's Dance           Hex            9%         N/A       100%        3
 Hailstorm                Conj/Ice       1%         3d3       100%        4
 Ozocubu's Refrigeration  Ice            0%         4d5       100%        7

Skill      XL: |  1  2  3  4  5  6 |
---------------+-------------------+-----
Short Blades   | 1 2 3 4 5 |  5.0
Fighting       | 1 2 3 4 |  4.0
Dodging        | |  1.5
Stealth        | |  2.4
Spellcasting   | |  2.6
Hexes          | |  2.6

Action                   |  1- 3 |  4- 6 |  7- 9 || total
-------------------------+-------+-------+-------++-------
Melee: Dagger            |   150 |   107 |       ||   257
       Rapier            |       |    44 |     6 ||    50
Throw: Throwing net      |       |     1 |     1 ||     2
Invok: Draw Destruction  |     1 |     1 |       ||     2
       Draw Summoning    |       |     2 |       ||     2
  Use: Scroll            |       |     1 |       ||     1
Armor: Chain mail        |    90 |    89 |     4 ||   183
       Robe              |     3 |       |       ||     3
Dodge: Dodged            |    51 |    40 |     3 ||    94

Inventory:

Hand Weapons
 a - a +2 rapier of protection (weapon)
Armour
 b - a +2 cloak of stealth (worn)
 c - a +0 chain mail (worn)
 k - a +0 pair of gloves (worn)
Magical Staves
 h - a staff of poison
Wands
 d - a wand of digging (8)
Scrolls
 e - a scroll of enchant weapon {unknown}
 g - a scroll of fear {unknown}
 i - a scroll of acquirement {unknown}
 j - a scroll of identify {unknown}
 t - 3 scrolls of teleportation


You were on level 5 of the Dungeon.
You worshipped Nemelex Xobeh.
Nemelex Xobeh was most pleased with you.
You visited 1 branch of the dungeon, and saw 5 of its levels.

You collected 188 gold pieces.
You spent 168 gold pieces at shops.

Dungeon Overview and Level Annotations

Branches:
Dungeon (5/15)
 Temple: D:4-7

Altars:
Gozag
Makhleb
Nemelex Xobeh
Sif Muna

Shops:
D:2 (   D:4 *

Annotations:
D:2 exclusion: ogre

...............<.#............#
.................#............#
.................#............#
##.###########.###...............
##.#........##'####'###..##..##..
#..#..>.....#........###+###+# +
#>.#........#..>.....#
#..'........'........#..#
#..#........#...@....'..+
#..#........#####D####..
#########...D.......(#
#............'# #...........(#..#
#............# .# #......!.$...'
#########....#. #....#..


You could see an acid dragon (catching breath).

Notes
Turn   | Place    | Note
-------+----------+-------------------------------------------
     0 | D:1      | theanonym the Mummy Enchanter began the quest for the Orb.
     0 | D:1      | Reached XP level 1. HP: 13/13 MP: 4/4
    42 | D:1      | Found a faded altar of an unknown god.
    53 | D:1      | Became a worshipper of Nemelex Xobeh the Trickster
    53 | D:1      | Reached * piety under Nemelex Xobeh
    90 | D:1      | Reached skill level 1 in Short Blades
   330 | D:1      | Reached XP level 2. HP: 17/20 MP: 5/5
   740 | D:1      | Reached skill level 1 in Fighting
   758 | D:1      | Received a gift from Nemelex Xobeh
  1325 | D:2      | Reached skill level 2 in Short Blades
  1376 | D:2      | Found Weimn's Antique Weapon Emporium.
  1408 | D:2      | Noticed an ogre
  1560 | D:2      | Reached XP level 3. HP: 22/26 MP: 7/7
  2023 | D:3      | Reached ** piety under Nemelex Xobeh
  2140 | D:3      | Noticed Jessica
  2141 | D:3      | Killed Jessica
  2142 | D:3      | Reached XP level 4. HP: 33/33 MP: 8/8
  2191 | D:3      | Found a large runed translucent door.
  2192 | D:3      | Found a large runed translucent door.
  2276 | D:3      | Noticed Terence
  2288 | D:3      | Killed Terence
  2289 | D:3      | Reached skill level 2 in Fighting
  2289 | D:3      | Reached skill level 3 in Short Blades
  2413 | D:3      | Found a burning altar of Makhleb.
  2786 | D:3      | Found an opulent altar of Gozag.
  2797 | D:3      | Found a shimmering blue altar of Sif Muna.
  2946 | D:4      | Noticed a centaur
  2955 | D:4      | Killed a centaur
  2956 | D:4      | Reached XP level 5. HP: 29/40 MP: 9/9
  3091 | D:4      | Noticed a black bear
  3097 | D:4      | Killed a black bear
  3098 | D:4      | Reached skill level 3 in Fighting
  3098 | D:4      | Reached skill level 4 in Short Blades
  3497 | D:4      | Reached XP level 6. HP: 34/47 MP: 10/10
  3838 | D:4      | Found Vyiwkugg's CLEARANCE SALE! EVERYTHING MUST GO!.
  3859 | D:4      | Found Vyiwkugg's CLEARANCE SALE! EVERYTHING MUST GO!.
  4289 | D:5      | Entered Level 5 of the Dungeon
  4351 | D:2      | Bought a glowing rapier for 168 gold pieces
  4476 | D:5      | Received a gift from Nemelex Xobeh
  4739 | D:5      | Reached skill level 4 in Fighting
  4739 | D:5      | Reached skill level 5 in Short Blades
  4739 | D:5      | Reached XP level 7. HP: 49/54 MP: 11/11
  4779 | D:5      | Reached *** piety under Nemelex Xobeh
  4866 | D:5      | HP: 19/54 [acid (17)]
  4867 | D:5      | HP: 9/54 [acid dragon/splash of acid (11)]
  4867 | D:5      | Splashed by an acid dragon's acid

Vanquished Creatures
  2 centaurs
  A howler monkey (D:5)
  An orc priest (D:4)
  Terence (D:3)
  Jessica (D:3)
  A scorpion zombie (D:5)
  An orc wizard (D:5)
  4 gnolls (D:4)
  5 adders
  A worm (D:3)
  A dart slug (D:3)
  4 orcs
  3 ball pythons
  6 endoplasms
  2 giant cockroaches
  7 goblins
  3 hobgoblins
  2 jackals (D:1)
  5 kobolds
  3 quokkas
  4 bats
  3 frilled lizards (D:1)
  6 rats
67 creatures vanquished.

Vanquished Creatures (collateral kills)
  A black bear (D:4)
  2 orcs (D:5)
3 creatures vanquished.

Grand Total: 70 creatures vanquished

Table legend: (Time is in decaauts)
 A = Elapsed time spent in this place.
 B = Non-inter-level travel time spent in this place.
 C = Inter-level travel time spent in this place.
 D = Time resting spent in this place.
 E = Time spent auto-exploring this place.
 F = Levels seen in this place.
 G = Mean time per level.
                   A        B        C        D        E       F      G
               +--------+--------+--------+--------+--------+-----+--------+
         Total |   4837 |   4596 |    241 |    839 |   3065 |   5 |  967.4 |
       Dungeon |   4837 |   4596 |    241 |    839 |   3065 |   5 |  967.4 |
               +--------+--------+--------+--------+--------+-----+--------+

Top non-repeatable levels by time:
     D:4: 1497 daAuts
     D:3: 1056 daAuts
     D:1: 1004 daAuts
     D:2: 817 daAuts
     D:5: 461 daAuts
